 Dungeon Crawl Stone Soup version 0.30-a0-626-gd6a5dd7a1f (webtiles) character file.

Game seed: 17470054305362932639

2235 bande the Chopper (level 9, -3/55 HPs)
             Began as a Gargoyle Fighter on Jan 12, 2023.
             Slain by a killer bee (7 damage)
             ... on level 7 of the Dungeon.
             The game lasted 00:07:23 (4590 turns).

bande the Chopper (Gargoyle Fighter)                Turns: 4590, Time: 00:07:24

Health: -3/55      AC: 21    Str: 21    XL:     9   Next: 36%
Magic:  9/9        EV:  6    Int:  8    God:
Gold:   402        SH:  5    Dex: 13    Spells: 8/8 levels left

rFire   + + .      SeeInvis .    a - +0 war axe
rCold   . . .      Faith    .    c - +0 buckler
rNeg    + + .      Spirit   .    y - +1 plate armour {rPois}
rPois   ∞          Reflect  .    l - +0 helmet "Wenaocuw" {rF+ rN+}
rElec   +          Harm     .    (no cloak)
rCorr   .          Rampage  .    (no gloves)
Will    .....                    (no boots) Stlth
                                 g - amulet of regeneration
HPRegen 1.09/turn                o - ring of protection from fire
MPRegen 0.11/turn                (no ring)

@: no status effects
A: sickness immunity, AC +6, negative energy resistance 1, electricity
resistance, torment resistance 1, petrification resistance
a: no special abilities


You were on level 7 of the Dungeon.
You visited 1 branch of the dungeon, and saw 7 of its levels.

You collected 402 gold pieces.

Inventory:

Hand Weapons
 a - a +0 war axe (weapon)
 u - a +0 war axe
 x - a +1 morningstar of protection
Armour
 c - a +0 buckler (worn)
 l - the +0 helmet "Wenaocuw" (worn) {rF+ rN+}
   (You found it on level 5 of the Dungeon)

   rF:        It protects you from fire.
   rN:        It protects you from negative energy.
 y - a +1 plate armour of poison resistance (worn)
Jewellery
 g - an amulet of regeneration (around neck)
 o - a ring of protection from fire (left hand)
 r - a +6 ring of intelligence
Wands
 k - a wand of paralysis (7)
Scrolls
 b - 2 scrolls of amnesia
 i - 5 scrolls of teleportation {unknown}
 m - 3 scrolls of noise {unknown}
 n - 3 scrolls of vulnerability {unknown}
 t - 2 scrolls of fear {unknown}
 v - a scroll of immolation {unknown}
 w - a scroll of fog {unknown}
Potions
 d - a potion of might
 e - 3 potions of brilliance
 f - 2 potions of cancellation
 h - 4 potions of curing {unknown}
 p - a potion of attraction {unknown}
 q - a potion of resistance {unknown}
 s - 3 potions of degeneration {unknown}


   Skills:
 + Level 5.7 Fighting
 + Level 7.3 Axes
 + Level 6.6 Armour
 + Level 5.0 Shields
 * Level 4.6 Evocations


You had 8 spell levels left.
You didn't know any spells.
Your spell library contained the following spells:

 Spells                   Type           Power      Damage    Failure   Level
 Apportation              Tloc           0%         N/A       100%        1
 Necrotise                Necr           0%         1d4       100%        1
 Sandblast                Erth           0%         2d4       100%        1
 Sting                    Tmut/Pois      0%         1d3       100%        1
 Vampiric Draining        Necr           0%         2d6       100%        3
 Agony                    Necr           0%         N/A       100%        5


Dungeon Overview and Level Annotations

Branches:
Dungeon (7/15)
 Temple: D:4-7

Altars:
Ashenzari
Cheibriados
Elyvilon
Hepliaklqana
Kikubaaqudgha
Makhleb
Nemelex Xobeh
Ru
Sif Muna
Wu Jian
Yredelemnul

Shops:
D:2 *   D:3 *   D:6 [

Annotations:
D:7 Maggie


Innate Abilities, Weirdness & Mutations

You are immune to sickness and miasma.
Your stone body is resilient. (AC +6)
You are immune to poison.
You resist negative energy. (rN+)
You are resistant to electric shocks. (rElec)
You are resistant to unholy torment.
You are immune to petrification.


Message History

Maggie the Vainglorious comes into view.
She is wielding a +0 long sword and carrying a wand of roots (7).
A shadow imp comes into view.
The water moccasin bites you.
* * * LOW HITPOINT WARNING * * *
You block the killer bee's attack.
The killer bee stings you but does no damage.
Unknown command.
You barely miss the killer bee.
The killer bee is almost dead.
Maggie shouts!
You slash the hound!
You kill the hound!
You hit the water moccasin. You slash the killer bee!
You kill the killer bee!
The killer bee stings you but does no damage.
The water moccasin barely misses you. The shadow imp puffs mist at you.
The killer bee closely misses you. The water moccasin bites you.
* * * LOW HITPOINT WARNING * * *
Unknown command.
It was a potion of brilliance.
You feel clever all of a sudden. You block the killer bee's attack.
Maggie mumbles some strange words.
Maggie attempts to bespell you!
You are mesmerised by Maggie!
The killer bee stings you.
* * * LOW HITPOINT WARNING * * *
The water moccasin bites you.
* * * LOW HITPOINT WARNING * * *
It was a potion of cancellation.
Your magical effects are unravelling.
You feel magically purged.
You break out of your daze.
You feel a little less clever now. You block the killer bee's attack.
The water moccasin closely misses you. Maggie hits you with a +0 long sword.
* * * LOW HITPOINT WARNING * * *
The killer bee stings you!
You die...

.. . ..#
#.#.#.#..## .# .
. .......##.##
#.#.#.#....#....
................
.#.#.#....5.....
......S.†......
#...@y......
#...@..#....
#####.## . #..<#
.........#
.........#
..>.......
.........##
##########


You could see Maggie, a water moccasin, a killer bee and a shadow imp.

Vanquished Creatures
  Sigmund (D:3)
  2 orc warriors
  A sky beast (D:7)
  A black bear (D:7)
  An ogre (D:6)
  3 centaurs
  2 phantoms
  A bullfrog (D:6)
  A necrophage (D:5)
  A scorpion (D:6)
  3 wights (D:5)
  3 killer bees (D:7)
  4 howler monkeys
  A jelly (D:5)
  A gnoll bouda (D:6)
  5 hounds
  2 orc priests
  An iguana (D:6)
  5 orc wizards
  4 adders
  7 gnolls
  A shadow imp (D:6)
  A white imp (D:5)
  17 orcs
  6 endoplasms
  A giant cockroach (D:2)
  3 goblins (D:2)
  7 hobgoblins
  6 jackals
  6 kobolds
  2 quokkas
  9 ball pythons
  5 bats
  9 frilled lizards
  4 rats
127 creatures vanquished.

Notes
Turn   | Place    | Note
-------+----------+-------------------------------------------
     0 | D:1      | bande the Gargoyle Fighter began the quest for the Orb.
     0 | D:1      | Reached XP level 1. HP: 14/14 MP: 1/1
    94 | D:1      | Reached XP level 2. HP: 19/19 MP: 2/2
   101 | D:1      | Reached skill level 2 in Axes
   675 | D:2      | Reached XP level 3. HP: 23/23 MP: 3/3
   972 | D:2      | Identified the +0 scale mail of Yhiddic {rF+ Str+3}
  1125 | D:2      | Reached XP level 4. HP: 29/29 MP: 4/4
  1280 | D:2      | Found Qest's General Store.
  1565 | D:3      | Reached skill level 3 in Axes
  1565 | D:3      | Reached skill level 1 in Evocations
  1567 | D:3      | Reached XP level 5. HP: 31/33 MP: 5/5
  1612 | D:3      | Noticed Sigmund
  1650 | D:3      | Killed Sigmund
  1651 | D:3      | Reached skill level 4 in Axes
  1651 | D:3      | Reached XP level 6. HP: 23/38 MP: 6/6
  1805 | D:3      | Found a faded altar of an unknown god.
  2030 | D:3      | Found Ziawk's Assorted Antiques.
  2465 | D:4      | Identified the +0 pair of boots "Kukhuu" {Str+2}
  2760 | D:4      | Found a white marble altar of Elyvilon.
  2764 | D:4      | Found a burning altar of Makhleb.
  2765 | D:4      | Found a sparkling altar of Nemelex Xobeh.
  2765 | D:4      | Found a hazy altar of Hepliaklqana.
  2765 | D:4      | Found an ancient bone altar of Kikubaaqudgha.
  2766 | D:4      | Found an ornate altar of the Wu Jian Council.
  2767 | D:4      | Found a broken altar of Ashenzari.
  2769 | D:4      | Found a snail-covered altar of Cheibriados.
  2770 | D:4      | Found a shimmering blue altar of Sif Muna.
  2818 | D:5      | Entered Level 5 of the Dungeon
  2895 | D:5      | Reached XP level 7. HP: 43/44 MP: 7/7
  2923 | D:5      | Found a basalt altar of Yredelemnul.
  3125 | D:5      | Reached skill level 5 in Armour
  3241 | D:5      | Reached skill level 5 in Axes
  3244 | D:5      | Found a sacrificial altar of Ru.
  3449 | D:5      | Identified the +4 ring mail of Privacy {Fly Str-2 Int+8
                  | Dex-3}
  3471 | D:5      | Identified the +0 helmet "Wenaocuw" {rF+ rN+}
  3619 | D:6      | Found Samiunin's Armour Emporium.
  3639 | D:6      | Reached XP level 8. HP: 31/48 MP: 8/8
  3965 | D:6      | Reached skill level 5 in Fighting
  4140 | D:6      | Reached skill level 6 in Axes
  4270 | D:6      | Got An Introduction to the Wizard's Wisdom
  4391 | D:6      | Reached XP level 9. HP: 28/54 MP: 9/9
  4576 | D:7      | Reached skill level 7 in Axes
  4582 | D:7      | Reached skill level 5 in Shields
  4587 | D:7      | Noticed Maggie
  4590 | D:7      | Slain by a killer bee

Illustrated notes

Levels and vault maps discovered:
D:1:      dpeg_arrival_refuge, layout_rooms
D:2:      layout_basic, serial_shops, nicolae_shop_hallway_plus
D:3:      layout_basic, hellmonk_ecumenical_altar_lost_god, serial_shops, shop,
          kennysheep_decorative_pillar, uniq_sigmund
D:4:      layout_cave_pools, minitemple, hex_tiny
D:5:      layout_loops_ring, kennysheep_mini_moat, mainiacjoe_overflow_paths,
          nrook_uturn, reono_crystal_passage, dreamdust_wishing_well
D:6:      layout_rooms, serial_shops, shop
D:7:      layout_rooms, temple_hall, hex_medium, dk_noncrumbling_2,
          minivault_25, uniq_maggie

Skill      XL: |  1  2  3  4  5  6  7  8  9 |
---------------+----------------------------+-----
Axes           | 2 3 4 5 6 7 |  7.3
Evocations     | 1 2 3 4 |  4.6
Fighting       | 4 5 |  5.7
Armour         | 4 5 6 |  6.6
Shields        | 4 5 |  5.0

Action                   |  1- 3 |  4- 6 |  7- 9 || total
-------------------------+-------+-------+-------++-------
Melee: War axe           |    91 |   137 |   212 ||   440
  Use: Scroll            |     2 |       |       ||     2
       Potion            |       |     1 |     2 ||     3
Armor: Scale mail        |    66 |    75 |    86 ||   227
       Plate armour      |       |       |   135 ||   135
Dodge: Dodged            |    45 |    72 |   107 ||   224
Block: Buckler           |    27 |    32 |    84 ||   143

Table legend: (Time is in decaauts)
 A = Elapsed time spent in this place.
 B = Non-inter-level travel time spent in this place.
 C = Inter-level travel time spent in this place.
 D = Time resting spent in this place.
 E = Time spent auto-exploring this place.
 F = Levels seen in this place.
 G = Mean time per level.
                   A        B        C        D        E       F      G
               +--------+--------+--------+--------+--------+-----+--------+
         Total |   4733 |   4676 |     57 |    491 |   2937 |   7 |  676.1 |
       Dungeon |   4733 |   4676 |     57 |    491 |   2937 |   7 |  676.1 |
               +--------+--------+--------+--------+--------+-----+--------+

Top non-repeatable levels by time:
     D:5: 1087 daAuts
     D:3: 951 daAuts
     D:2: 891 daAuts
     D:6: 705 daAuts
     D:1: 624 daAuts
     D:4: 438 daAuts
     D:7: 35 daAuts
